 Dungeon Crawl Stone Soup version 0.29.1-2-gbd0b4ee654 (webtiles) character file.

Game seed: 7340914380975134487

55 kingsuperguy the Chopper (level 3, 0/33 HPs)
             Began as a Minotaur Berserker on Nov 27, 2022.
             Was a Believer of Trog.
             Killed by divine providence
             ... invoked by an orc priest
              (12 damage)
             ... on level 2 of the Dungeon.
             The game lasted 00:01:36 (867 turns).

kingsuperguy the Chopper (Minotaur Berserker)        Turns: 867, Time: 00:01:37

Health: 0/33       AC: 13    Str: 23    XL:     3   Next: 67%
Magic:  2/2        EV:  8    Int:  4    God:    Trog [**....]
Gold:   60         SH:  0    Dex:  9    Spells: 2/2 levels left

rFire   + . .      SeeInvis .   a - +0 hand axe
rCold   . . .      Faith    .   (no shield)
rNeg    . . .      Spirit   .   g - +4 chain mail
rPois   .          Reflect  .   (helmet restricted)
rElec   .          Harm     .   (no cloak)
rCorr   .          Rampage  .   (no gloves)
Will    .....                   (no boots)
Stlth   ..........              (no amulet)
HPRegen 0.11/turn               c - ring of protection from fire
MPRegen 0.08/turn               (no ring)

@: no status effects
A: horns 2, retaliatory headbutt
a: Renounce Religion, Berserk, Trog's Hand


You were on level 2 of the Dungeon.
You worshipped Trog.
Trog was pleased with you.
You visited 1 branch of the dungeon, and saw 2 of its levels.

You collected 60 gold pieces.

Inventory:

Hand Weapons
 a - a +0 hand axe (weapon)
Armour
 b - a +0 animal skin
 e - a +0 chain mail
 g - a +4 chain mail (worn)
Jewellery
 c - a ring of protection from fire (left hand)
Scrolls
 h - a scroll of amnesia {unknown}
 j - a scroll of identify {unknown}
 k - a scroll of blinking {unknown}
Potions
 d - 2 potions of cancellation {unknown}
 f - a potion of haste {unknown}
 i - a potion of lignification {unknown}


   Skills:
 + Level 4.2 Fighting
 + Level 4.8 Axes
 + Level 3.0 Armour
 + Level 2.3 Dodging


You had 2 spell levels left.
You didn't know any spells.
Your spell library was empty.

Dungeon Overview and Level Annotations

Branches:
Dungeon (2/15)

Altars:

Shops:
D:1 !*[


Innate Abilities, Weirdness & Mutations

You have a pair of horns on your head.
You reflexively headbutt those who attack you in melee.


Message History

You closely miss the orc priest.
A puff of flame appears from out of thin air!
The puff of flame hits you. You resist. The orc priest barely misses you.
Your Armour skill increases to level 3!
You barely miss the orc priest.
You headbutt the orc priest, but do no damage.
The orc priest hits you but does no damage.
You hit the orc priest. Your headbutt misses the orc priest.
The orc priest is lightly wounded.
You hit the orc.
The orc priest hits you but does no damage.
The orc hits you but does no damage.
You slash the orc!
You kill the orc!
Trog accepts your kill.
You barely miss the orc priest.
You hear some strange, mumbled words.
Something tries to affect you, but you resist.
The orc priest calls down the wrath of Beogh upon you.
Beogh smites you!
Unknown command.
You slash the orc priest!
The orc priest is heavily wounded.
The orc priest hits you but does no damage.
You closely miss the orc priest.
The orc priest is heavily wounded.
You closely miss something.
You hear some strange, mumbled words.
A magic dart appears from out of thin air!
The magic dart hits you.
The orc priest hits you but does no damage.
Something hits you but does no damage.
You miss something. Your headbutt misses something.
You hear some strange, mumbled words.
A puff of flame appears from out of thin air!
The puff of flame hits you. You resist.
You barely miss something. Something hits you.
The orc priest invokes the aid of Beogh against you.
Beogh smites you!
You die...

.. ####### ...
#.....#... #.....#.#
#....>.# #......# ..
#..oo..# #.# # ##{# #
. #.##. ####.@##....
..... #...........#
###.#####.###.###.#.#
#......#....###
##<#.##....#.#
#.......##.#...
#..#.......# #.#
#..###..##..# ...
..... ....#.## #[#


You could see an orc priest and an orc.

Vanquished Creatures
  An adder (D:2)
  A worm (D:2)
  A dart slug (D:2)
  2 orcs (D:2)
  4 endoplasms
  A giant cockroach (D:1)
  4 goblins (D:1)
  6 hobgoblins (D:1)
  A kobold (D:1)
  2 quokkas (D:1)
  3 ball pythons (D:1)
  4 bats (D:1)
  2 frilled lizards
  2 rats
34 creatures vanquished.

Notes
Turn   | Place    | Note
-------+----------+-------------------------------------------
     0 | D:1      | kingsuperguy the Minotaur Berserker began the quest for the
                  | Orb.
     0 | D:1      | Reached XP level 1. HP: 19/19 MP: 0/0
   137 | D:1      | Found Ememid's Assorted Antiques.
   225 | D:1      | Reached XP level 2. HP: 26/27 MP: 1/1
   267 | D:1      | Found a faded altar of an unknown god.
   456 | D:1      | Found Woaffeof's Armour Shop.
   517 | D:1      | Reached XP level 3. HP: 33/33 MP: 2/2
   523 | D:1      | Found Unisum's Antique Armour Shoppe.
   619 | D:1      | Found Qaimoil's Distillery.
   782 | D:2      | Reached ** piety under Trog
   867 | D:2      | Killed from afar by an orc priest

Illustrated notes

Levels and vault maps discovered:
D:1:      amcnicky_arrival_choice, layout_rooms,
          hellmonk_ecumenical_altar_run_dry, serial_shops,
          nicolae_lakefront_shop, nicolae_shop_overgrown_old_shop, shop_statue,
          shop, nicolae_kite_square_tiling_tiny, minmay_liquid_box
D:2:      cheibrodos_old_hovel, layout_loops_cross, basic_altar,
          minmay_indecisive_spiral

Skill      XL: |  1  2  3 |
---------------+----------+-----
Axes           | 4 |  4.8
Fighting       | 4 |  4.2
Armour         | 3 |  3.0
Dodging        | |  2.3

Action                   || total
-------------------------++-------
Melee: Hand axe          ||    63
       Headbutt          ||     6
Armor: Chain mail        ||    48
Dodge: Dodged            ||    24
